 Dungeon Crawl Stone Soup version 0.30-a0-177-g1cb5dbfd7a (webtiles) character file.

Game seed: 3416594794831487101

15992 Flugkiller the Thaumaturge (level 12, 0/86 HPs)
             Began as a Mummy Ice Elementalist on Oct 2, 2022.
             Was a Priest of Ashenzari.
             Slain by a cane toad (14 damage)
             ... on level 1 of the Lair of Beasts.
             The game lasted 00:20:24 (11773 turns).

Flugkiller the Thaumaturge (MuIE)                  Turns: 11773, Time: 00:20:24

Health: 0/86       AC: 11    Str: 11    XL:     12   Next: 6%
Magic:  0/25       EV: 14    Int: 24    God:    Ashenzari [***...]
Gold:   626        SH:  0    Dex: 11    Spells: 8/29 levels left

rFire   x . .      SeeInvis +    I - +0 demon whip (venom)
rCold   + . .      Faith    +    (no shield)
rNeg    + + +      Spirit   +    L - +1 leather armour of Activism {*Corrode Will+++ Int+8 Dex-5}
rPois   ∞          Reflect  .    D - +2 hat of Toth-Mos's Legacy {Will+, Bglg, Elem} (curse)
rElec   .          Harm     .    l - +2 cloak of the Eternal Firmament {Comp, Bglg} (curse)
rCorr   .          Rampage  .    i - +2 pair of gloves of the Cosmic Seer {Elem, Evo} (curse)
Will    +++++      Clarity  +    c - +0 pair of boots of Ashenzari's Ordeal {Alch, Cun} (curse)
Stlth   ++........               h - amulet of the Ruined Black Moon {Spirit, Range, Evo} (curse)
HPRegen 0.34/turn                (no ring)
MPRegen 0.19/turn                (no ring)

@: ice-armoured, corroded
A: cold resistance 1, negative energy resistance 3, torment resistance 2, heat
vulnerability 1, in touch with death 1, no potions, faith
a: Renounce Religion, Shatter the Chains


You were on level 1 of the Lair of Beasts.
You worshipped Ashenzari.
Ashenzari was most pleased with you.
You visited 2 branches of the dungeon, and saw 12 of its levels.

You collected 626 gold pieces.

Inventory:

Hand Weapons
 n - a +4 long sword
   (You found it on level 4 of the Dungeon)
 s - the +6 shillelagh "Devastator" {shatter}
   (You found it on level 6 of the Dungeon)

   It releases a powerful concussive burst when it strikes, dealing extra damage
   to the target and all other foes adjacent to them.
 I - a +0 demon whip of venom (weapon)
   (You took it off Amaemon on level 10 of the Dungeon)
Missiles
 g - 17 poisoned darts
 r - 10 javelins
Armour
 c - the cursed +0 pair of boots of Ashenzari's Ordeal (worn) {Alch, Cun}
   (You found it on level 6 of the Dungeon)

   It has a curse which improves the following skills: Alchemy: Poison Magic and
   Transmutations.
   Cunning:   Dodging and Stealth.
 e - a +1 robe of cold resistance
   (You found it on level 10 of the Dungeon)
 i - the cursed +2 pair of gloves of the Cosmic Seer (worn) {Elem, Evo}
   (You found it on level 2 of the Dungeon)

   It has a curse which improves the following skills: Elements: Fire Magic, Ice
   Magic, Air Magic and Earth Magic.
   Evocations: Evocations.
 j - a +1 helmet
   (You found it on level 4 of the Dungeon)
 l - the cursed +2 cloak of the Eternal Firmament (worn) {Comp, Bglg}
   (You found it on level 2 of the Dungeon)

   It has a curse which improves the following skills: Companions: Summonings
   and Necromancy.
   Beguiling: Conjurations, Hexes and Translocations.
 m - a +0 robe of positive energy
   (You found it on level 3 of the Dungeon)
 D - the cursed +2 hat of Toth-Mos's Legacy (worn) {Will+, Bglg, Elem}
   (You took it off Gastronok on level 9 of the Dungeon)

   It has a curse which improves the following skills: Beguiling: Conjurations,
   Hexes and Translocations.
   Elements:  Fire Magic, Ice Magic, Air Magic and Earth Magic.
 E - a +0 pair of boots
   (You found it on level 9 of the Dungeon)
 K - a +0 troll leather armour
   (You found it on level 11 of the Dungeon)
 L - the +1 leather armour of Activism (worn) {*Corrode Will+++ Int+8 Dex-5}
   (You found it on level 11 of the Dungeon)

   Int:       It affects your intelligence (+8).
   Dex:       It affects your dexterity (-5).
   *Corrode:  It may corrode you when you take damage.
   Will:      It greatly increases your willpower.
Jewellery
 a - a ring of flight
   (You found it on level 1 of the Lair of Beasts)
 h - the cursed amulet of the Ruined Black Moon (around neck) {Spirit, Range, Evo}
   (You found it on level 1 of the Dungeon)

   [amulet of guardian spirit]

   It causes incoming damage to be divided between your reserves of health and
   magic.
   It has a curse which improves the following skills: Ranged Combat: Ranged
   Weapons and Throwing.
   Evocations: Evocations.
Wands
 p - a wand of digging (8)
   (You found it on level 10 of the Dungeon)
 q - a wand of charming (6)
   (You took it off Pikel on level 5 of the Dungeon)
 u - a wand of iceblast (7)
   (You found it on level 6 of the Dungeon)
 y - a wand of flame (18)
   (You found it on level 8 of the Dungeon)
 B - a wand of quicksilver (4)
   (You found it on level 8 of the Dungeon)
 F - a wand of polymorph (4)
   (You found it on level 9 of the Dungeon)
Scrolls
 b - 2 scrolls of amnesia
 d - 2 scrolls of fear
 f - 2 scrolls of enchant weapon
 k - 3 scrolls of immolation
 o - 4 scrolls of poison
 t - 5 scrolls of teleportation
 v - 3 scrolls of vulnerability
 w - a scroll of summoning
 z - 2 scrolls of blinking
 A - 2 scrolls of torment
 C - 2 scrolls of magic mapping
 J - a scroll of silence
Miscellaneous
 G - a phial of floods
   (You found it on level 9 of the Dungeon)
 H - a piece from Xom's chessboard (15/15)
   (You found it on level 10 of the Dungeon)


   Skills:
 - Level 5.0 Fighting
 - Level 6.0(7.6) Dodging
 - Level 1.5(2.7) Stealth
 + Level 9.3 Spellcasting
 + Level 3.1(5.2) Conjurations
 - Level 6.0(7.6) Summonings
 - Level 8.3(10.0) Necromancy
 + Level 3.1(4.5) Transmutations
 - Level 5.2(7.6) Ice Magic
 - Level 6.4(8.9) Earth Magic
 - Level 4.2(6.5) Evocations


You had 8 spell levels left.
You knew the following spells:

 Your Spells              Type           Power      Damage    Failure   Level
a - Freeze                Ice            100%       1d11      1%          1
b - Frozen Ramparts       Ice            94%        1d15      1%          3
c - Ozocubu's Armour      Ice            47%        N/A       1%          3
d - Summon Ice Beast      Ice/Summ       47%        N/A       3%          4
e - Borgnjor's Vile Clut  Necr/Erth      35%        N/A       4%          5
i - Irradiate             Conj/Tmut      17%        3d17      28%         5

Your spell library contained the following spells:

 Spells                   Type           Power      Damage    Failure   Level
 Kiss of Death            Conj/Necr      100%       2d13      1%          1
 Magic Dart               Conj           100%       1d8       1%          1
 Call Imp                 Summ           47%        N/A       1%          2
 Dispel Undead            Necr           73%        3d24      1%          4
 Petrify                  Tmut/Erth      43%        N/A       4%          4
 Mephitic Cloud           Conj/Pois/Air  20%        N/A       10%         3
 Confusing Touch          Hex            12%        N/A       21%         3
 Gell's Gravitas          Tloc           12%        N/A       21%         3
 Inner Flame              Hex/Fire       12%        N/A       21%         3
 Teleport Other           Tloc           12%        N/A       21%         3
 Metabolic Englaciation   Hex/Ice        15%        N/A       38%         5
 Cause Fear               Hex            6%         N/A       54%         4
 Ozocubu's Refrigeration  Ice            23%        4d12      95%         7
 Dispersal                Tloc           6%         N/A       100%        6
 Discord                  Hex            6%         N/A       100%        8
 Polar Vortex             Ice            23%        N/A       100%        9
 Sublimation of Blood     Necr           Unusable   N/A       N/A         2
 Statue Form              Tmut/Erth      Unusable   N/A       N/A         6

Dungeon Overview and Level Annotations

Branches:
Dungeon (11/15) Zot: 25535  Temple (0/1) D:5            Lair (1/5) D:11 Zot: 5268
    Orc (0/2) D:9

Altars:
Ashenzari
Cheibriados
Dithmenos
Fedhas
Makhleb
Okawaru
Ru
Trog
Wu Jian
Yredelemnul

Shops:
D:3 [   D:8 ?   D:9 [

Annotations:
D:5 2 runed translucent doors, exclusions: phantom and 1 more exclusion, Stoves66's ghost, novice MiFi
D:6 1 runed translucent door, exclusion: steam dragon, funkygono's ghost, novice GrEE
D:9 exclusion: steam dragon
Lair:1 1 runed translucent door, exclusion: oklob plant, Shym's ghost, journeyman GnHW


Innate Abilities, Weirdness & Mutations

You are immune to poison.
Your flesh is cold resistant. (rC+)
You are immune to negative energy. (rN+++)
You are immune to unholy pain and torment.
You are vulnerable to heat. (rF-)
You are in touch with the powers of death.
You do not drink.
You have a special connection with the divine. (Faith)


Message History

Found a stone staircase leading down.
The oklob plant spits acid at you. The splash of acid hits you!!
Unknown command.
There is a staircase back to the Dungeon here.
You climb upwards.
Welcome back to the Dungeon!
There is a staircase to the Lair here.
You start resting.
Magic restored.
You start resting.
HP restored.
This staircase leads to a travel-excluded area!
Enter next level anyway?
Okay, then.
This staircase leads to a travel-excluded area!
Enter next level anyway?
You climb downwards.
Welcome back to the Lair of Beasts!
Level annotation: 1 runed translucent door, exclusion: oklob plant, Shym's ghost, journeyman GnHW The oklob plant spits acid at you.
The splash of acid hits you!!
There is a staircase back to the Dungeon here.
Unknown command.
The cane toad gives a loud, deep croak!
The water moccasin completely misses you.
You whack the water moccasin!
The water moccasin is moderately wounded.
The water moccasin closely misses you.
You hit the water moccasin.
The water moccasin is moderately wounded.
The water moccasin barely misses you.
The water moccasin bites you but does no damage.
Casting: Borgnjor's Vile Clutch (dangerous; 4% risk of failure)
Confirm with . or Enter, or press ? or * to list all spells.
Aiming: Borgnjor's Vile Clutch (dangerous; 4% risk of failure)
Press: ? - help, Shift-Dir - straight line, f - water moccasin
Aim: a water moccasin (moderately wounded, 100% to hit)
You feel a surge of power!
Zombie hands grab the water moccasin.
The zombie hands constrict the water moccasin!
You hear an angry hiss.
The water moccasin misses you.
Casting: Borgnjor's Vile Clutch (dangerous; 4% risk of failure)
Confirm with . or Enter, or press ? or * to list all spells.
A chill wind blows around you.
The zombie hands constrict the water moccasin!
You kill the water moccasin!
The cane toad completely misses you.
Casting: Summon Ice Beast (dangerous; 3% risk of failure)
Confirm with . or Enter, or press ? or * to list all spells.
A film of ice covers your body! The cane toad barely misses you.
You hit the cane toad.
The cane toad is lightly wounded.
The cane toad stings you.
You hit the cane toad but do no damage.
The cane toad is lightly wounded.
The cane toad stings you.
Your ice beast closely misses the cane toad.
The cane toad stings you but does no damage.
You barely miss the cane toad.
The cane toad is lightly wounded.
The cane toad misses you.
Your ice beast hits the cane toad but does no damage.
You whack the cane toad!
The cane toad is moderately wounded.
The cane toad stings you!
Your corrosive artefact corrodes you!
Your ice beast barely misses the cane toad.
You hit the cane toad but do no damage.
The cane toad is poisoned.
The cane toad is moderately wounded.
The cane toad stings you!
Your corrosive artefact corrodes you!
Your ice beast hits the cane toad but does no damage.
The cane toad stings you!
Casting: Ozocubu's Armour (safe; 1% risk of failure)
Confirm with . or Enter, or press ? or * to list all spells.
Aiming: Borgnjor's Vile Clutch (dangerous; 4% risk of failure)
Press: ? - help, Shift-Dir - straight line, f - komodo dragon
Aim: a komodo dragon (100% to hit)
You feel a surge of power!
Zombie hands grab the komodo dragon.
The zombie hands constrict the komodo dragon.
The komodo dragon struggles to escape constriction.
Your ice beast hits the cane toad but does no damage.
The cane toad completely misses your ice beast.
Unknown command.
You hit the cane toad but do no damage.
The cane toad looks as sick as possible!
The cane toad is moderately wounded.
The zombie hands constrict the komodo dragon!
The cane toad stings you but does no damage.
The komodo dragon struggles to escape constriction.
Your ice beast misses the cane toad.
You hit the cane toad but do no damage.
The cane toad looks as sick as possible!
The cane toad is moderately wounded.
The zombie hands constrict the komodo dragon!
The cane toad stings you!!
* * * LOW HITPOINT WARNING * * *
The komodo dragon struggles to escape constriction.
Your ice beast completely misses the cane toad.
The cane toad stings you!
You die...

#P..........####......⌠.##..
##............#....#........
....................⌠.>..+..
* ,
.........................#..
.........#............⌠.!..#
.........#..........#.##..#.
...........l.....#........##
..........†.#.#.#........#.
..........@.#.#...........#
.........FY#<..# .......#..
..........##...#>.......#..
, .......#...#.......F.#..
......#........:..,.F... ,
.[...................##. , ,
.......#..............##
..........P............. ,
,...$......#...........


You could see a komodo dragon (clutched), a cane toad (extremely poisoned, ally
target) and a friendly ice beast (summoned).

Vanquished Creatures
  Gastronok (D:9)
  A boulder beetle (D:11)
  2 death yaks (Lair:1)
  Amaemon (D:10)
  Pikel (D:5)
  A cyclops (D:11)
  A manticore (D:11)
  Psyche (D:10)
  An unseen horror (D:11)
  A rime drake (Lair:1)
  A komodo dragon (Lair:1)
  A polar bear (Lair:1)
  A troll (D:11)
  3 hornets
  A slime creature (D:9)
  A vampire (D:11)
  A shadow (D:9)
  2 wyverns
  2 humans (D:8)
  2 wraiths
  9 yaks
  2 vampire mosquitoes (D:10)
  5 water moccasins
  3 orc warriors
  2 black bears
  An ice beast (D:7)
  2 ogres (D:6)
  2 wolves (D:9)
  2 centaurs
  A phantom (D:5)
  2 lemures (D:5)
  Blork the orc (D:6)
  4 bullfrogs
  A scorpion (D:5)
  A necrophage (D:6)
  7 wights
  4 killer bees (D:10)
  5 hounds
  A jelly (D:5)
  A gnoll bouda (D:8)
  4 iguanas
  3 orc priests
  5 orc wizards
  10 gnolls
  4 adders
  A shadow imp (D:5)
  5 white imps
  3 ufetubi
  A worm (D:3)
  2 dart slugs
  31 orcs
  10 ball pythons
  3 endoplasms (D:1)
  3 goblins
  5 hobgoblins
  4 jackals (D:1)
  4 kobolds
  5 bats
  2 frilled lizards (D:1)
  3 rats
  A spectral orc (D:9)
191 creatures vanquished.

Vanquished Creatures (collateral kills)
  2 slime creatures (D:9)
  A black mamba (Lair:1)
  An orange demon (D:10)
  2 cane toads (Lair:1)
  4 yaks (D:10)
  2 basilisks (Lair:1)
  A water moccasin (Lair:1)
  A centaur (D:5)
  A gnoll sergeant (D:7)
  An iguana (D:6)
16 creatures vanquished.

Vanquished Creatures (others)
  Grum (D:9)
  A fungus (Lair:1)
  A plant (Lair:1)
  2 withered plants (Lair:1)
5 creatures vanquished.

Grand Total: 212 creatures vanquished

Notes
Turn   | Place    | Note
-------+----------+-------------------------------------------
     0 | D:1      | Flugkiller the Mummy Ice Elementalist began the quest for
                  | the Orb.
     0 | D:1      | Reached XP level 1. HP: 13/13 MP: 4/4
   149 | D:1      | Reached skill level 3 in Spellcasting
   254 | D:1      | Reached XP level 2. HP: 19/19 MP: 0/6
   937 | D:2      | Gained mutation: You are in touch with the powers of death.
                  | [Mummy growth]
   937 | D:2      | Reached XP level 3. HP: 24/24 MP: 2/8
  1092 | D:2      | Learned a level 3 spell: Frozen Ramparts
  1160 | D:2      | Found a faded altar of an unknown god.
  1167 | D:2      | Prayed at the altar of an unknown god.
  1167 | D:2      | Became a worshipper of Ashenzari the Shackled
  1524 | D:3      | Reached skill level 4 in Spellcasting
  1634 | D:3      | Found a blossoming altar of Fedhas.
  1832 | D:3      | Found Dimog's Armour Boutique.
  1870 | D:3      | Reached XP level 4. HP: 8/30 MP: 0/10
  2271 | D:3      | Learned a level 3 spell: Ozocubu's Armour
  2276 | D:3      | Learned a level 4 spell: Summon Ice Beast
  2330 | D:4      | Noticed a black bear
  2499 | D:4      | Reached * piety under Ashenzari
  2690 | D:4      | Found a sacrificial altar of Ru.
  2700 | D:4      | Killed a black bear
  2701 | D:4      | Reached skill level 5 in Ice Magic
  2701 | D:4      | Reached XP level 5. HP: 25/35 MP: 0/11
  2819 | D:4      | Found a burning altar of Makhleb.
  2932 | D:5      | Entered Level 5 of the Dungeon
  2955 | D:5      | Noticed a lemure
  2964 | D:5      | Reached skill level 1 in Fighting
  3055 | D:5      | Reached XP level 6. HP: 43/44 MP: 4/12
  3280 | D:5      | Reached skill level 1 in Summonings
  3321 | D:5      | Found a runed translucent door.
  3360 | D:4      | Reached ** piety under Ashenzari
  3454 | D:5      | Found a shadowy altar of Dithmenos.
  3651 | D:5      | Noticed Stoves66's ghost (novice MiFi)
  3652 | D:5      | Noticed Pikel
  3662 | D:5      | Killed Pikel
  3663 | D:5      | Reached skill level 6 in Spellcasting
  3663 | D:5      | Reached XP level 7. HP: 45/50 MP: 1/16
  3684 | D:5      | Found a runed translucent door.
  3725 | D:5      | Noticed a moth of wrath
  3728 | D:5      | Found a bloodstained altar of Trog.
  3763 | D:5      | Found a staircase to the Ecumenical Temple.
  3999 | D:5      | Reached skill level 1 in Evocations
  4011 | D:5      | Reached XP level 8. HP: 55/56 MP: 9/17
  4440 | D:6      | Found the +6 shillelagh "Devastator" {shatter}
  4512 | D:6      | Reached skill level 5 in Summonings
  4841 | D:6      | Found a broken altar of Ashenzari.
  4880 | D:6      | Found a runed translucent door.
  4883 | D:6      | Noticed funkygono's ghost (novice GrEE)
  5127 | D:6      | Noticed Blork the orc
  5144 | D:6      | Killed Blork the orc
  5604 | D:7      | Reached XP level 9. HP: 65/65 MP: 18/18
  5710 | D:7      | Identified the Atlas of Frozen Misery
  6653 | D:8      | Found Giaposh's Magic Scroll Emporium.
  6751 | D:8      | Found an iron altar of Okawaru.
  6761 | D:8      | Reached skill level 5 in Fighting
  6761 | D:8      | Reached skill level 5 in Dodging
  6865 | D:8      | Found an ornate altar of the Wu Jian Council.
  7011 | D:9      | Noticed Gastronok
  7014 | D:9      | Noticed Grum
  7118 | D:9      | Your ally Grum died
  7126 | D:9      | Killed Gastronok
  7127 | D:9      | Reached skill level 7 in Spellcasting
  7127 | D:9      | Reached XP level 10. HP: 55/74 MP: 7/20
  7668 | D:9      | Found a staircase to the Orcish Mines.
  7678 | D:9      | Found a basalt altar of Yredelemnul.
  7797 | D:9      | Reached skill level 8 in Spellcasting
  7956 | D:9      | Reached skill level 5 in Necromancy
  8275 | D:9      | Reached *** piety under Ashenzari
  8282 | D:9      | Learned a level 5 spell: Borgnjor's Vile Clutch
  8414 | D:9      | Found Cheibriados's Comfort Zone.
  8416 | D:9      | Found a snail-covered altar of Cheibriados.
  8516 | D:10     | Entered Level 10 of the Dungeon
  8689 | D:10     | Reached skill level 5 in Earth Magic
  9058 | D:10     | Reached XP level 11. HP: 71/79 MP: 11/23
  9243 | D:10     | Noticed Amaemon
  9390 | D:10     | Killed Amaemon
  9503 | D:10     | Noticed Psyche
  9512 | D:10     | Killed Psyche
 10098 | D:11     | Found a staircase to the Lair.
 10183 | D:11     | Identified the +1 leather armour of Activism {*Corrode
                  | Will+++ Int+8 Dex-5}
 10333 | D:11     | Noticed a boulder beetle
 10343 | D:11     | Learned a level 5 spell: Irradiate
 10376 | D:11     | Killed a boulder beetle
 10518 | D:11     | Reached skill level 1 in Conjurations
 10518 | D:11     | Reached skill level 1 in Transmutations
 10926 | Lair:1   | Entered Level 1 of the Lair of Beasts
 10926 | Lair:1   | Noticed an oklob plant
 11349 | Lair:1   | Found a runed translucent door.
 11394 | Lair:1   | Reached skill level 9 in Spellcasting
 11534 | Lair:1   | Noticed Shym's ghost (journeyman GnHW)
 11573 | Lair:1   | Noticed a death yak
 11573 | Lair:1   | Noticed a death yak
 11605 | Lair:1   | Killed a death yak
 11605 | Lair:1   | Noticed a death yak
 11606 | Lair:1   | Reached XP level 12. HP: 86/86 MP: 12/25
 11607 | Lair:1   | Noticed a death yak
 11608 | Lair:1   | Noticed a death yak
 11611 | Lair:1   | Killed a death yak
 11773 | Lair:1   | Slain by a cane toad

Illustrated notes

Levels and vault maps discovered:
D:1:      dpeg_arrival_simpleton_c, layout_basic
D:2:      layout_rooms, shapermc_ecumenical_altar_notcrosses,
          minmay_misc_feat_ornament, minmay_misc_feat_five,
          serial_bayou_crossing
D:3:      layout_rooms, mainiacjoe_overflow_boulevard, serial_shops,
          nicolae_shop_hallway_plus, minmay_misc_feat_alley
D:4:      layout_rooms, lemuel_round_altar, mainiacjoe_overflow_brackets
D:5:      layout_basic, tgw_trog, grunt_dithmenos_shadows,
          minmay_temple_entry_drinking_statues, ebering_ghost_sewer_f,
          uniq_pikel
D:6:      layout_rooms, lemuel_doored_altar, ebering_ghost_reflecting_pool,
          dilly_guarded_unrand_devastator, uniq_blork_the_orc
D:7:      layout_loops_corners, mainiacjoe_overflow_alcove_2,
          eino_small_chamber_without_monster
D:8:      layout_basic, okawaru_humans, lemuel_round_altar, serial_shops,
          kennysheep_little_box
D:9:      layout_loops_ring, yredelemnul_forgotten_temple_becter,
          nicolae_overflow_hidden_temple, orc_0_dummy, minmay_shop_chei,
          uniq_grum, uniq_gastronok
D:10:     layout_cave_pools, overflow_temple_1_default, uniq_amaemon,
          uniq_psyche
D:11:     layout_basic, lair_entry_dummy
Lair:1:   layout_cave_shapes, gammafunk_ghost_grave, dpeg_stationary_puzzle,
          grunt_megastairs_1, lemuel_fruit_tree

Skill      XL: |  1  2  3  4  5  6  7  8  9 10 11 12 |
---------------+-------------------------------------+-----
Spellcasting   | 3 4 6 7 8 9 |  9.3
Ice Magic      | 4 5 |  5.2
Fighting       | 2 3 5 |  5.0
Summonings     | 3 4 6 |  6.0
Evocations     | 1 2 4 |  4.2
Dodging        | 3 6 |  6.0
Necromancy     | 3 6 8 |  8.3
Earth Magic    | 2 5 6 |  6.4
Conjurations   | 2 3 |  3.1
Transmutations | 2 3 |  3.1
Stealth        | |  1.5

Action                   |  1- 3 |  4- 6 |  7- 9 | 10-12 || total
-------------------------+-------+-------+-------+-------++-------
Melee: Mace              |    19 |    14 |    73 |       ||   106
       Shillelagh        |       |       |    54 |    43 ||    97
       Long sword        |       |       |       |   136 ||   136
       Demon whip        |       |       |       |    47 ||    47
       Punch             |       |       |       |     2 ||     2
 Cast: Freeze            |    70 |    42 |    39 |     5 ||   156
       Frozen Ramparts   |       |    13 |    22 |    22 ||    57
       Ozocubu's Armour  |       |     1 |     7 |    16 ||    24
       Summon Ice Beast  |       |       |     5 |    17 ||    22
       Borgnjor's Vile C |       |       |       |    28 ||    28
       Irradiate         |       |       |       |     1 ||     1
Invok: Curse Item        |     1 |     2 |     2 |     2 ||     7
       Shatter the Chain |       |       |     1 |     1 ||     2
Evoke: Wand              |       |       |     2 |     2 ||     4
  Use: Scroll            |       |     5 |       |     6 ||    11
 Stab: Sleeping          |     1 |       |     3 |     1 ||     5
Armor: Robe              |    30 |    34 |    82 |    85 ||   231
       Leather armour    |       |       |       |    20 ||    20
Dodge: Dodged            |    74 |    49 |   148 |   228 ||   499

Table legend: (Time is in decaauts)
 A = Elapsed time spent in this place.
 B = Non-inter-level travel time spent in this place.
 C = Inter-level travel time spent in this place.
 D = Time resting spent in this place.
 E = Time spent auto-exploring this place.
 F = Levels seen in this place.
 G = Mean time per level.
                   A        B        C        D        E       F      G
               +--------+--------+--------+--------+--------+-----+--------+
         Total |  11935 |  11483 |    452 |   3465 |   5416 |  12 |  994.6 |
       Dungeon |  11204 |  10753 |    451 |   3074 |   5353 |  11 | 1018.5 |
          Lair |    730 |    730 |      0 |    391 |     63 |   1 |  730.0 |
               +--------+--------+--------+--------+--------+-----+--------+

Top non-repeatable levels by time:
    D:11: 1464 daAuts
     D:9: 1390 daAuts
     D:5: 1383 daAuts
    D:10: 1143 daAuts
     D:7: 1037 daAuts
     D:6: 920 daAuts
     D:1: 907 daAuts
     D:3: 831 daAuts
     D:4: 781 daAuts
  Lair:1: 730 daAuts
     D:8: 720 daAuts
     D:2: 624 daAuts
